 Dungeon Crawl Stone Soup version 0.27-a0-681-g0c81a3c1c3 (webtiles) character file.

Game seed: 2109196928719267641

170 robertstho the Chiller (level 5, -3/37 HPs)
             Began as a Gnoll Ice Elementalist on Mar 19, 2021.
             Shot with an arrow by a centaur (14 damage)
             ... on level 3 of the Dungeon.
             The game lasted 00:05:19 (3447 turns).

robertstho the Chiller (Gnoll Ice Elementalist)     Turns: 3447, Time: 00:05:21

Health: -3/37      AC: 11    Str:  8    XL:     5   Next: 51%
Magic:  11/21      EV: 13    Int: 15    God:
Gold:   61         SH:  0    Dex: 12    Spells: 3/14 levels left

rFire    . . .     SeeInvis .   g - +0 short sword (protect)
rCold    . . .     Faith    .   (no shield)
rNeg     . . .     Spirit   .   a - +0 robe
rPois    .         Reflect  .   (no helmet)
rElec    .         Harm     .   f - +0 cloak
rCorr    .         Rampage  .   (no gloves)
Will     .....                  h - +0 pair of boots
Stlth    +++.......             (no amulet)
HPRegen  0.12/turn              j - ring of magical power
MPRegen  0.17/turn              (no ring)

@: ice-armoured, frozen ramparts
A: fangs 1, strong nose, distributed training
a: no special abilities


You were on level 3 of the Dungeon.
You visited 1 branch of the dungeon, and saw 3 of its levels.

You collected 61 gold pieces.

Inventory:

Hand Weapons
 c - a +1 hand axe of holy wrath
 d - a +0 dagger
 g - a +0 short sword of protection (weapon)
Armour
 a - a +0 robe (worn)
 f - a +0 cloak (worn)
 h - a +0 pair of boots (worn)
Jewellery
 j - a ring of magical power (right hand)
Scrolls
 b - a scroll of amnesia
 i - 2 scrolls of teleportation {unknown}
 k - a scroll of enchant armour {unknown}
 l - a scroll of fog {unknown}
Potions
 e - 3 potions of cancellation


   Skills:
 + Level 1.5 Fighting
 + Level 1.5 Short Blades
 + Level 1.5 Long Blades
 + Level 1.5 Axes
 + Level 1.5 Maces & Flails
 + Level 1.5 Polearms
 + Level 1.5 Staves
 + Level 1.5 Slings
 + Level 1.5 Bows
 + Level 1.5 Crossbows
 + Level 1.5 Throwing
 + Level 1.5 Armour
 + Level 4.8 Dodging
 + Level 4.4 Stealth
 + Level 1.5 Shields
 + Level 1.5 Unarmed Combat
 + Level 5.2 Spellcasting
 + Level 1.2 Conjurations
 + Level 1.2 Hexes
 + Level 1.2 Summonings
 + Level 1.2 Necromancy
 + Level 1.2 Translocations
 + Level 1.2 Transmutations
 + Level 1.2 Fire Magic
 + Level 7.2 Ice Magic
 + Level 1.2 Air Magic
 + Level 1.2 Earth Magic
 + Level 1.2 Poison Magic
 + Level 1.7 Invocations
 + Level 1.5 Evocations


You had 3 spell levels left.
You knew the following spells:

 Your Spells              Type           Power      Damage    Failure   Level
a - Freeze                Ice            100%       1d11      1%          1
b - Frozen Ramparts       Ice            50%        1d7       2%          3
c - Ozocubu's Armour      Ice            25%        N/A       2%          3
d - Hailstorm             Conj/Ice       16%        3d6       28%         4

Your spell library contained the following spells:

 Spells                   Type           Power      Damage    Failure   Level
 Confusing Touch          Hex            7%         N/A       28%         3
 Gell's Gravitas          Tloc           3%         N/A       28%         3
 Summon Ice Beast         Ice/Summ       16%        N/A       28%         4
 Metabolic Englaciation   Hex/Ice        8%         N/A       61%         5
 Petrify                  Tmut/Erth      7%         N/A       67%         4
 Yara's Violent Unravell  Hex/Tmut       3%         3d4       95%         5


Dungeon Overview and Level Annotations

Branches:
Dungeon (3/15)

Altars:


Innate Abilities, Weirdness & Mutations

You have very sharp teeth.
Your uncanny sense of smell can sniff out nearby items.
Your experience applies equally to all skills.


Message History

A rat is nearby!
You hit the rat.
Your weapon exudes an aura of protection.
You kill the rat!
No target in view!
No target in view!
No target in view!
A centaur comes into view.
The centaur shouts!
The centaur wields a +0 shortbow.
The centaur shoots an arrow.
The arrow hits you!
You see here a scroll labelled LEGHOM EPUVEP.
A centaur is nearby!
A centaur is nearby!
A centaur is nearby!
A centaur is nearby!
l - a scroll labelled LEGHOM EPUVEP The centaur shoots an arrow.
The arrow hits you!
* * * LOW HITPOINT WARNING * * *
A hobgoblin comes into view.
Casting: Freeze (safe; 1% risk of failure)
Confirm with . or Enter, or press ? or * to list all spells.
Casting: Frozen Ramparts (dangerous; 2% risk of failure)
Press: ? - help, Dir - look around, f - activate The walls around you are covered in ice.
Unknown command.
Casting: Frozen Ramparts (dangerous; 2% risk of failure)
Confirm with . or Enter, or press ? or * to list all spells.
A film of ice covers your body!
Unknown command.
Casting: Ozocubu's Armour (dangerous; 2% risk of failure)
Confirm with . or Enter, or press ? or * to list all spells.
The spell is extremely dangerous to cast (28% risk of failure)!
Continue anyway?
Casting: Hailstorm (extremely dangerous; 28% risk of failure)
Press: ? - help, Dir - look around, f - activate A cannonade of hail descends around you!
The hail pelts the centaur!
The centaur is heavily wounded.
The wall freezes the centaur.
The centaur shoots an arrow.
The arrow hits you!
You die...

.....)#..#... ∆
#.##..#...... .. #
#..#..#... #c
.....####. .g ##....#
#. #. ##....# #. # #.
.##.##.####. #.##c###
##. #. #.....# #.....@#
.. # #####..
#......##.# ###
#......#..#
#......#.####
#...#.......###########
###.#....##............
#...#################
###.# ###


You could see a centaur.

Vanquished Creatures
  2 orc wizards (D:3)
  5 adders (D:2)
  2 worms (D:2)
  A dart slug (D:2)
  A leopard gecko (D:1)
  2 orcs (D:3)
  4 giant cockroaches (D:1)
  6 goblins
  12 hobgoblins
  8 jackals (D:2)
  2 ball pythons (D:1)
  3 bats
  2 frilled lizards (D:2)
  8 kobolds
  6 rats
64 creatures vanquished.

Notes
Turn   | Place    | Note
-------+----------+-------------------------------------------
     0 | D:1      | robertstho the Gnoll Ice Elementalist began the quest for
                  | the Orb.
     0 | D:1      | Reached XP level 1. HP: 13/13 MP: 6/6
   285 | D:1      | Reached XP level 2. HP: 19/19 MP: 5/7
   847 | D:1      | Reached XP level 3. HP: 11/25 MP: 3/9
  1312 | D:1      | Reached skill level 5 in Spellcasting
  1536 | D:2      | Reached skill level 1 in Invocations
  1704 | D:2      | Reached skill level 1 in Fighting
  1704 | D:2      | Reached skill level 1 in Short Blades
  1704 | D:2      | Reached skill level 1 in Long Blades
  1704 | D:2      | Reached skill level 1 in Axes
  1704 | D:2      | Reached skill level 1 in Maces & Flails
  1704 | D:2      | Reached skill level 1 in Polearms
  1704 | D:2      | Reached skill level 1 in Staves
  1704 | D:2      | Reached skill level 1 in Slings
  1704 | D:2      | Reached skill level 1 in Bows
  1704 | D:2      | Reached skill level 1 in Crossbows
  1704 | D:2      | Reached skill level 1 in Throwing
  1704 | D:2      | Reached skill level 1 in Armour
  1704 | D:2      | Reached skill level 1 in Shields
  1704 | D:2      | Reached skill level 1 in Unarmed Combat
  1704 | D:2      | Reached skill level 1 in Evocations
  1892 | D:2      | Reached XP level 4. HP: 32/32 MP: 6/11
  1959 | D:2      | Learned a level 3 spell: Frozen Ramparts
  1963 | D:2      | Learned a level 3 spell: Ozocubu's Armour
  1968 | D:2      | Learned a level 4 spell: Hailstorm
  2327 | D:2      | Reached skill level 1 in Conjurations
  2327 | D:2      | Reached skill level 1 in Hexes
  2327 | D:2      | Reached skill level 1 in Summonings
  2327 | D:2      | Reached skill level 1 in Necromancy
  2327 | D:2      | Reached skill level 1 in Translocations
  2327 | D:2      | Reached skill level 1 in Transmutations
  2327 | D:2      | Reached skill level 1 in Fire Magic
  2327 | D:2      | Reached skill level 1 in Air Magic
  2327 | D:2      | Reached skill level 1 in Earth Magic
  2327 | D:2      | Reached skill level 1 in Poison Magic
  3118 | D:3      | Reached XP level 5. HP: 35/37 MP: 12/12
  3442 | D:3      | Noticed a centaur
  3447 | D:3      | Shot with an arrow by a centaur

Illustrated notes

Levels and vault maps discovered:
D:1:      roderic_crossed_star, layout_rooms
D:2:      minmay_chambers_of_ones, layout_loops_ring
D:3:      layout_rooms, marbit_many_paths, grunt_decor_cap, serial_park_tiny_2,
          uniq_grinder

Skill      XL: |  1  2  3  4 |
---------------+-------------+-----
Spellcasting   | 5 |  5.2
Invocations    | 1 |  1.7
Fighting       | 1 |  1.5
Short Blades   | 1 |  1.5
Long Blades    | 1 |  1.5
Axes           | 1 |  1.5
Maces & Flails | 1 |  1.5
Polearms       | 1 |  1.5
Staves         | 1 |  1.5
Slings         | 1 |  1.5
Bows           | 1 |  1.5
Crossbows      | 1 |  1.5
Throwing       | 1 |  1.5
Armour         | 1 |  1.5
Shields        | 1 |  1.5
Unarmed Combat | 1 |  1.5
Evocations     | 1 |  1.5
Conjurations   | 1 |  1.2
Hexes          | 1 |  1.2
Summonings     | 1 |  1.2
Necromancy     | 1 |  1.2
Translocations | 1 |  1.2
Transmutations | 1 |  1.2
Fire Magic     | 1 |  1.2
Air Magic      | 1 |  1.2
Earth Magic    | 1 |  1.2
Poison Magic   | 1 |  1.2
Dodging        | |  4.8
Stealth        | |  4.4
Ice Magic      | |  7.2

Action                   |  1- 3 |  4- 6 || total
-------------------------+-------+-------++-------
Melee: Unarmed           |    20 |       ||    20
       Dagger            |    57 |     4 ||    61
       Bite              |     7 |     2 ||     9
       Short sword       |       |    37 ||    37
 Cast: Freeze            |    40 |     4 ||    44
       Frozen Ramparts   |       |    11 ||    11
       Ozocubu's Armour  |       |     1 ||     1
       Hailstorm         |       |     1 ||     1
  Use: Scroll            |       |     3 ||     3
 Stab: Sleeping          |     3 |     7 ||    10
Armor: Robe              |    20 |    10 ||    30
Dodge: Dodged            |    71 |    18 ||    89

Table legend: (Time is in decaauts)
 A = Elapsed time spent in this place.
 B = Non-inter-level travel time spent in this place.
 C = Inter-level travel time spent in this place.
 D = Time resting spent in this place.
 E = Time spent auto-exploring this place.
 F = Levels seen in this place.
 G = Mean time per level.
                   A        B        C        D        E       F      G
               +--------+--------+--------+--------+--------+-----+--------+
         Total |   3444 |   3375 |     69 |    170 |   2729 |   3 | 1148.0 |
       Dungeon |   3444 |   3375 |     69 |    170 |   2729 |   3 | 1148.0 |
               +--------+--------+--------+--------+--------+-----+--------+

Top non-repeatable levels by time:
     D:1: 1520 daAuts
     D:2: 1478 daAuts
     D:3: 445 daAuts
